 Dungeon Crawl Stone Soup version 0.18.1-8-gdd0e5ea (webtiles) character file.

548 Azru the Cudgeler (level 7, -9/74 HPs)
             Began as an Ogre Abyssal Knight on June 2, 2016.
             Was a Priest of Lugonu.
             Mangled by a wyvern skeleton (10 damage)
             ... on level 5 of the Dungeon on June 3, 2016.
             The game lasted 00:12:07 (6022 turns).

Azru the Cudgeler (Ogre Abyssal Knight)             Turns: 6022, Time: 00:12:08

Health: -9/74      AC:  5    Str: 18    XL:     7   Next: 28%
Magic:  10/10      EV: 10    Int: 13    God:    Lugonu [***...]
Gold:   188        SH:  0    Dex:  9    Spells: 0 memorised, 6 levels left

rFire  . . .     SeeInvis .     a - +1 mace
rCold  + . .     Gourm    .     t - +2 robe {rC+}
rNeg   . . .     Faith    .     (no shield)
rPois  .         Spirit   .     (helmet restricted)
rElec  .         Dismiss  .     (no cloak)
rCorr  .         Reflect  .     (gloves unavailable)
SustAt .         Harm     .     (boots unavailable)
MR     .....                    (no amulet)
Stlth  +.........               (no ring)
                                (no ring)

@: not resistant to hostile enchantments, very unstealthy
A: unfitting armour, tough skin 1
a: Depart the Abyss, Bend Space, Banish, Renounce Religion


You were on level 5 of the Dungeon.
You worshipped Lugonu.
Lugonu was most pleased with you.
You were not hungry.

You visited 1 branch of the dungeon, and saw 5 of its levels.
You visited the Abyss 1 time.

You collected 188 gold pieces.

Inventory:

Hand Weapons
 a - a +1 mace (weapon)
 l - a +0 giant spiked club
Armour
 b - a +0 robe
 t - a +2 robe of cold resistance (worn)
Wands
 k - a wand of flame (15/48)
 p - a wand of paralysis (10/24)
 r - a wand of paralysis (14/24)
 s - a wand of polymorph (9/24)
Scrolls
 d - 2 scrolls of identify
 i - 2 scrolls of teleportation
 j - a scroll of remove curse {unknown}
 m - a scroll of fear {unknown}
 n - a scroll of enchant weapon {unknown}
 o - 2 scrolls of blinking {unknown}
 w - a scroll of magic mapping {unknown}
Potions
 f - a potion of haste {unknown}
 g - a potion of lignification {unknown}
 h - a potion of flight {unknown}
 u - a potion of cancellation {unknown}
 x - a potion of brilliance {unknown}
Comestibles
 c - 2 bread rations
 q - a beef jerky
 v - 3 chunks of flesh


   Skills:
 + Level 5.9 Fighting
 * Level 6.5 Maces & Flails
 + Level 3.6 Dodging
 + Level 4.4 Invocations


You had 6 spell levels left.
You didn't know any spells.

Dungeon Overview and Level Annotations

Branches:
Dungeon (5/15)
 Temple: D:4-7

Altars:
Fedhas
Gozag
Ru
Trog
Yredelemnul


Innate Abilities, Weirdness & Mutations

You are too large for most types of armour.
You have tough skin (AC +1).


Message History

You hit the wyvern skeleton. The wyvern skeleton bites you.
The wyvern skeleton closely misses you.
You hit the wyvern skeleton. The wyvern skeleton bites you!
You barely miss the wyvern skeleton. The wyvern skeleton barely misses you.
You sock the wyvern skeleton! The wyvern skeleton bites you.
The crimson imp blinks!
The wyvern skeleton bites you!
* * * LOW HITPOINT WARNING * * *
You hit the wyvern skeleton. The wyvern skeleton bites you!
* * * LOW HITPOINT WARNING * * *
Drink which item? (? for menu, Esc to quit)
It was a potion of curing.
You feel better. The wyvern skeleton bites you!
* * * LOW HITPOINT WARNING * * *
The wyvern skeleton completely misses you.
You completely miss the wyvern skeleton.
The wyvern skeleton bites you.
* * * LOW HITPOINT WARNING * * *
You hit the wyvern skeleton. The wyvern skeleton bites you.
* * * LOW HITPOINT WARNING * * *
The wyvern skeleton bites you!
You die...

.......#########...#### #######
.........s........†...# ##......
..o....# #######.###.####.......
######.######## #..##..>..[......
.#####..#.....####....[..####.###
....<[)..............##....##...#
...####.#.....####### ###..####..
...# #.#.....######### #......#.
...## #.#....5.Z@..<..# ##..)....
....# #.#.....###.###.########.#.
....# #.####### #..)......####...
....######.# #######.#....###.
.##....#⌠._## #...##.....
.#####.'...8# ###.####... .#
#####⌠._## #.####... ##
#...###.### #...[.... #
#...#####.### #####..##


You could see a crimson imp and a wyvern skeleton.

Vanquished Creatures
  An ogre (D:3)
  2 hounds
  4 orc wizards
  A giant frog skeleton (D:4)
  An iguana (D:5)
  3 worker ants
  4 adders
  A shadow imp (D:5)
  A worm (D:5)
  An adder skeleton (D:4)
  2 dart slugs
  A giant gecko (D:4)
  13 orcs
  6 bats
  7 giant cockroaches
  8 goblins
  7 hobgoblins
  10 jackals
  3 quokkas
  2 ball pythons
  5 giant newts
  8 kobolds
  6 rats
97 creatures vanquished.

Vanquished Creatures (others)
  An orc wizard (D:5)
1 creature vanquished.

Grand Total: 98 creatures vanquished

Notes
Turn   | Place    | Note
--------------------------------------------------------------
     0 | Abyss:1  | Azru the Ogre Abyssal Knight began the quest for the Orb.
     0 | Abyss:1  | Reached XP level 1. HP: 24/24 MP: 2/2
    36 | Abyss:1  | Noticed a chaos spawn
    37 | D:1      | Escaped the Abyss
   325 | D:1      | Reached skill level 3 in Maces & Flails
   546 | D:1      | Reached XP level 2. HP: 29/32 MP: 3/3
   607 | D:1      | Reached * piety under Lugonu
  1152 | D:1      | Reached XP level 3. HP: 38/39 MP: 3/5
  1984 | D:2      | Found a sacrificial altar of Ru.
  1991 | D:2      | Found a blossoming altar of Fedhas.
  2067 | D:2      | Reached ** piety under Lugonu
  2074 | D:2      | Reached XP level 4. HP: 36/49 MP: 6/6
  2616 | D:3      | Reached skill level 4 in Maces & Flails
  3325 | D:3      | Noticed an ogre
  3337 | D:3      | Killed an ogre
  3337 | D:3      | Reached XP level 5. HP: 28/55 MP: 7/7
  4069 | D:4      | Found an opulent altar of Gozag.
  4243 | D:4      | Reached skill level 5 in Fighting
  4243 | D:4      | Reached skill level 5 in Maces & Flails
  4260 | D:4      | Reached XP level 6. HP: 12/66 MP: 8/8
  5304 | D:4      | Reached *** piety under Lugonu
  5370 | D:5      | Entered Level 5 of the Dungeon
  5416 | D:5      | Reached skill level 6 in Maces & Flails
  5610 | D:5      | Reached XP level 7. HP: 61/72 MP: 10/10
  5937 | D:5      | Found a bloodstained altar of Trog.
  5937 | D:5      | Found a basalt altar of Yredelemnul.
  6022 | D:5      | HP: 1/74 [wyvern skeleton (6)]
  6022 | D:5      | Mangled by a wyvern skeleton

Skill      XL: |  1  2  3  4  5  6 |
---------------+-------------------+-----
Maces & Flails | 3 4 5 6 |  6.5
Invocations    | 3 4 |  4.4
Dodging        | 3 |  3.6
Fighting       | 5 |  5.9

Action                   |  1- 3 |  4- 6 |  7- 9 || total
-------------------------+-------+-------+-------++-------
Melee: Mace              |   141 |   222 |    87 ||   450
Invok: Depart the Abyss  |     1 |       |       ||     1
  Use: Scroll            |       |       |     1 ||     1
       Potion            |       |       |     1 ||     1
  Eat: Chunk             |     3 |    12 |     2 ||    17
Armor: Robe              |    55 |    58 |    25 ||   138
Dodge: Dodged            |    95 |   112 |    40 ||   247
